 Dungeon Crawl Stone Soup version 0.20.0-15-g7f486f2 (webtiles) character file.

163 septik the Cudgeler (level 5, -12/32 HPs)
             Began as a Gargoyle Fighter on June 26, 2017.
             Mangled by a large abomination (22 damage)
             ... on level 2 of the Abyss.
             The game lasted 00:05:41 (1995 turns).

septik the Cudgeler (Gargoyle Fighter)              Turns: 1995, Time: 00:05:41

Health: -12/32     AC: 13    Str: 20    XL:     5   Next: 44%
Magic:  5/5        EV:  5    Int:  8    God:
Gold:   95         SH:  9    Dex: 10    Spells: 4/4 levels left

rFire    . . .     SeeInvis .   a - +0 flail
rCold    . . .     Gourm    .   c - +0 shield
rNeg     + . .     Faith    .   t - +0 chain mail
rPois    ∞         Spirit   .   (no helmet)
rElec    +         Reflect  .   (no cloak)
rCorr    .         Harm     .   (no gloves)
MR       .....                  (no boots)
Stlth    ..........             (no amulet)
Regen    0.1/turn               (no ring)
MPRegen  0.1/turn               (no ring)

@: no status effects
A: negative energy resistance 1, electricity resistance, unbreathing,
petrification resistance, rot immunity, AC +4
a: no special abilities


You were on level 2 of the Abyss.
You were not hungry.

You visited 1 branch of the dungeon, and saw 3 of its levels.
You visited the Abyss 1 time.

You collected 95 gold pieces.

Inventory:

Hand Weapons
 a - a +0 flail (weapon)
 o - a +1 flail of protection
Armour
 c - a +0 shield (worn)
 q - a +0 plate armour
 t - a +0 chain mail (worn)
Jewellery
 m - a +4 ring of intelligence {unknown}
 p - an uncursed ring of flight {unknown}
Wands
 r - a wand of iceblast (3/15)
Scrolls
 e - 3 scrolls of teleportation {unknown}
 h - a scroll of identify {unknown}
 i - 3 scrolls of remove curse {unknown}
 l - a scroll of immolation {unknown}
 n - a scroll of blinking {unknown}
 u - a scroll of torment {unknown}
Potions
 d - a potion of might
 g - a potion of heal wounds {unknown}
 k - a potion of haste
Comestibles
 b - a meat ration
 f - a bread ration
 j - a royal jelly
 s - 2 chunks of flesh


   Skills:
 - Level 3.2 Fighting
 + Level 5.5 Maces & Flails
 - Level 3.2 Armour
 - Level 3.2 Shields


You had 4 spell levels left.
You didn't know any spells.

Dungeon Overview and Level Annotations

Branches:
Dungeon (3/15)

Altars:
Kikubaaqudgha
Trog


Innate Abilities, Weirdness & Mutations

You are resistant to torment.
Your stone body is resilient. (AC +4)
You are immune to poison.
You resist negative energy. (rN+)
You are resistant to electric shocks. (rElec)
You can survive without breathing.
You are immune to petrification.
You are immune to rotting.


Message History

There is a gateway leading deeper into the Abyss here.
You plunge deeper into the Abyss.
Found a club.
Found a scroll labeled KEPTUFR ZOMN.
Found 21 bolts.
Found a scroll labeled KUGEBE PIWY.
u - a scroll labeled KUGEBE PIWY Some of the chunks of flesh in your inventory have rotted away.
A glowing orange brain comes into view.
A spatial vortex comes into view.
A large abomination comes into view.
Found a fluorescent wand.
The large abomination hits you. The large abomination hits you!
Ouch! That really hurt!
* * * LOW HITPOINT WARNING * * *
The large abomination hits you but does no damage.
The large abomination hits you!!
Ouch! That really hurt!
You die...

.# ## .. v# ####.#
#. # .. .. #.# ##.
#./ #. v...## .. ..
#v..# ...###. .#
.....##...##.#.
#.... ...#.##.##
.#.#...#...##..###
#.# .§##.. #....@##
.##..#..#.#.#..X#.#
## #. ####...#.###
.# #§.# #.##.#.# #
....# ##### ## ..##
. # ##


You could see a large abomination.

Vanquished Creatures
  Ijyb (D:2)
  Terence (D:3)
  A worker ant (D:3)
  5 adders
  A worm (D:2)
  A dart slug (D:2)
  An orc (D:3)
  2 giant cockroaches
  4 goblins
  6 hobgoblins (D:1)
  5 kobolds
  A ball python (D:1)
  6 bats
  3 frilled lizards
  3 rats
41 creatures vanquished.

Notes
Turn   | Place    | Note
-------+----------+-------------------------------------------
     0 | D:1      | septik the Gargoyle Fighter began the quest for the Orb.
     0 | D:1      | Reached XP level 1. HP: 14/14 MP: 1/1
   157 | D:1      | Reached XP level 2. HP: 18/19 MP: 2/2
   383 | D:1      | Reached skill level 3 in Maces & Flails
   645 | D:2      | Reached XP level 3. HP: 23/23 MP: 3/3
  1033 | D:2      | Found an ancient bone altar of Kikubaaqudgha.
  1185 | D:2      | Found a bloodstained altar of Trog.
  1281 | D:2      | Reached skill level 4 in Maces & Flails
  1416 | D:2      | Reached XP level 4. HP: 28/28 MP: 4/4
  1667 | D:3      | Noticed Terence
  1668 | D:3      | Noticed Ijyb
  1714 | D:2      | Killed Ijyb
  1714 | D:2      | Reached skill level 5 in Maces & Flails
  1714 | D:2      | Reached XP level 5. HP: 25/32 MP: 5/5
  1794 | D:3      | Killed Terence
  1858 | D:3      | Cast into level 1 of the Abyss (orc)
  1969 | Abyss:2  | Noticed a glowing orange brain
  1980 | Abyss:2  | Noticed a spatial vortex
  1988 | Abyss:2  | Noticed a large abomination
  1995 | Abyss:2  | Mangled by a large abomination

Skill      XL: |  1  2  3  4 |
---------------+-------------+-----
Maces & Flails | 3 4 5 |  5.5
Fighting       | |  3.2
Armour         | |  3.2
Shields        | |  3.2

Action                   |  1- 3 |  4- 6 || total
-------------------------+-------+-------++-------
Melee: Flail             |   160 |    98 ||   258
  Eat: Chunk             |       |     4 ||     4
Armor: Scale mail        |   104 |    59 ||   163
       Chain mail        |       |     2 ||     2
Dodge: Dodged            |    58 |    47 ||   105
Block: Shield            |    93 |    45 ||   138
